Get step-by-step instructions on how to execute this build order below. Start the game timer, and the build order will tick by so you can play in parallel with StarCraft on a second screen or mobile device.

Game Time

  0:00

Last Step

  N/A

Next Step

Upcoming Step



Don't want to look back and forth between 2 screens? Try out our Overwolf App, the Spawning Tool Build Advisor to get an in-game overlay with this build!

Complete Build Order

  12  0:00  Probe  
  13  0:13  Probe  
  14  0:20  Pylon  
  14  0:25  Probe  
  15  0:38  Gateway, Probe (Chrono Boost)  
  16  0:49  Assimilator, Probe (Chrono Boost)  
  17  0:54  Probe (Chrono Boost)  
  18  1:04  Probe  
  19  1:16  Probe  
  20  1:30  Cybernetics Core  
  20  1:39  Nexus  
  20  1:44  Probe  
  21  1:47  Assimilator  
  21  1:52  Pylon  
  21  1:56  Probe  
  22  2:08  Adept (Chrono Boost)  
  22  2:12  Shield Battery  
  22  2:14  Probe  
  25  2:22  Stargate  
  25  2:26  Probe  
  25  2:41  Stalker (Chrono Boost)  
  25  2:42  Probe  
  27  2:55  Probe  
  28  3:07  Probe  
  29  3:19  Probe  
  30  3:20  Phoenix  
  30  3:26  Probe  
  33  3:31  Probe  
  34  3:38  Probe  
  35  3:43  Probe  
  35  3:44  Stalker (Chrono Boost)  
  35  3:46  Shield Battery, Warp Gate  
  38  3:50  Probe  
  38  3:55  Probe  
  40  3:58  Pylon  
  40  4:02  Probe  
  41  4:07  Probe  
  42  4:13  Stalker (Chrono Boost)  
  42  4:14  Probe  
  42  4:15  Robotics Facility  
  45  4:19  Probe  
  46  4:26  Probe, Phoenix (Chrono Boost)  
  49  4:31  Gateway  
  49  4:34  Gateway  
  49  4:37  Pylon  
  49  4:38  Stalker (Chrono Boost)  
  51  4:47  Probe  
  52  4:53  Phoenix  
  54  5:01  Probe  
  53  5:15  Immortal (Chrono Boost)  
  53  5:19  Probe  
  59  5:28  Probe  
  59  5:31  Probe  
  59  5:32  Pylon  
  60  5:38  Pylon  
  58  5:43  Stalker  
  58  5:45  Stalker  
  58  5:49  Pylon  
  62  5:59  Phoenix  
  62  6:08  Stalker x2  
  64  6:14  Probe x2  
  66  6:19  Assimilator  
  66  6:21  Assimilator  
  66  6:25  Nexus, Warp Prism (Chrono Boost)  
  62  6:26  Pylon, Probe x2  
  66  6:34  Twilight Council  
  66  6:36  Gateway  
  66  6:38  Gateway, Probe  
  67  6:41  Pylon  
  67  6:42  Probe  
  68  6:50  Probe  
  68  6:52  Shield Battery  
  69  7:04  Immortal (Chrono Boost)  
  69  7:05  Charge (Chrono Boost)  
  69  7:06  Probe  
  69  7:07  Robotics Facility  
  74  7:16  Probe  
  74  7:20  Probe  
  76  7:24  Pylon  
  76  7:28  Probe  
  75  7:32  Probe  
  75  7:33  Templar Archives  
  76  7:39  Probe  
  76  7:40  Probe  
  76  7:41  Zealot x4  
  76  7:44  Probe  
  88  7:51  Probe  
  88  7:52  Probe  
  88  7:55  Psionic Storm  
  88  7:56  Probe  
  90  8:03  Probe  
  90  8:04  Probe  
  90  8:05  Stalker x3  
  97  8:08  Probe  
  98  8:17  Zealot x2  
  100  8:30  Zealot x3  
  106  8:45  Zealot x2  
  103  8:55  Zealot x3  
  107  8:59  Immortal (Chrono Boost)  
  117  9:06  Immortal (Chrono Boost)  
  113  9:10  High Templar  
  113  9:11  Probe  
  114  9:19  Gateway  
  114  9:20  Gateway  
  114  9:21  High Templar, Pylon  
  114  9:22  High Templar  
  114  9:24  Pylon  
  116  9:33  Probe x3  
  119  9:38  High Templar, Assimilator  
  119  9:39  High Templar  
  119  9:40  Assimilator  
  119  9:43  Gateway  
  119  9:44  Gateway  
  119  9:45  High Templar, Probe x3  
  127  9:51  Observer x2  
  129  9:57  Probe x3  
  132  10:01  Forge  
  132  10:02  Forge  
  132  10:03  Stalker  
  132  10:04  Stalker  
  136  10:09  Probe  
  136  10:12  Pylon  
  137  10:14  Pylon  
  137  10:15  Probe  
  137  10:17  Shield Battery  
  138  10:22  Shield Battery  
  138  10:27  Zealot  
  139  10:31  Probe  
  138  10:44  Nexus  
  138  10:46  Zealot x2  
  138  10:47  Zealot x5  
  148  10:51  Zealot x2  
  148  10:55  Probe  
  148  10:56  Photon Cannon  
  143  10:58  Photon Cannon  
  133  11:19  Robotics Bay  
  133  11:21  Observer  
  133  11:23  Probe  
  133  11:25  Probe  
  125  11:26  Probe  
  125  11:28  Photon Cannon  
  125  11:31  Photon Cannon  
  126  11:36  Pylon  
  126  11:39  Pylon  
  126  11:40  Photon Cannon  
  126  11:43  Photon Cannon  
  122  11:57  Robotics Facility  
  120  12:13  Zealot  
  120  12:14  Zealot x8  
  129  12:19  Immortal x2  
  96  12:38  Zealot x2  
  96  12:39  Zealot x2  
  96  12:41  Zealot x5, Colossus  
  104  12:47  Protoss Ground Weapons Level 1 (Chrono Boost), Probe  
  104  12:48  Colossus  
  105  12:51  Immortal  
  105  12:57  Protoss Ground Armor Level 1 (Chrono Boost)  
  109  12:59  Nexus  
  109  13:03  High Templar x6  
  109  13:04  High Templar x2  
  131  13:07  Archon x2  
  131  13:10  Archon  
  131  13:11  Extended Thermal Lance (Chrono Boost), Archon  
  131  13:19  Pylon  
  121  13:29  High Templar  
  123  13:38  Pylon  
  123  13:47  Nexus  
  122  13:48  Pylon  
  122  13:52  High Templar  
  122  13:54  High Templar x2  
  128  13:56  Immortal x2  
  128  13:58  Zealot  
  138  14:02  Shield Battery  
  138  14:09  Photon Cannon  
  126  14:28  Stalker  
  112  14:44  Archon  
  94  14:48  Zealot x6  
  94  14:49  Zealot x2  
  110  14:59  Protoss Ground Weapons Level 2 (Chrono Boost), Probe  
  112  15:00  Probe x2  
  112  15:01  Immortal x2  
  117  15:22  Zealot  
  117  15:23  Zealot x5  
  127  15:32  Zealot x2  
  127  15:33  Zealot  
  133  15:43  High Templar  
  133  15:44  High Templar x5  
  123  16:14  Archon x3  
  123  16:16  Assimilator  
  123  16:18  Assimilator  
  123  16:25  Zealot x8  
  129  16:26  Zealot  
  129  16:53  Stalker x3  
  135  16:54  Stalker x4  
  135  16:55  Stalker x2